 Dungeon Sprint DCSS version 0.28-a0-1130-gc51a68064b (webtiles) character file.

Game seed: 5112081949309731887

34 rocky1 the Slasher (level 3, -2/34 HPs)
             Began as a Naga Fighter on Dec 13, 2021.
             Slain by a sky beast (6 damage)
             ... in the Dungeon (Sprint IX: "|||||||||||||||||||||||||||||").
             The game lasted 00:01:19 (129 turns).

rocky1 the Slasher (Naga Fighter)                    Turns: 129, Time: 00:01:20

Health: -2/34      AC:  4    Str: 20    XL:     3   Next: 31%
Magic:  3/3        EV:  7    Int:  8    God:
Gold:   0          SH:  4    Dex: 10    Spells: 2/2 levels left

rFire   . . .      SeeInvis +   a - +0 long sword
rCold   . . .      Faith    .   c - +0 buckler
rNeg    . . .      Spirit   .   b - +0 scale mail
rPois   +          Reflect  .   (no helmet)
rElec   .          Harm     .   (no cloak)
rCorr   .          Rampage  .   (no gloves)
Will    .....      NoTele   +   (no barding)
Stlth   ..........              (no amulet)
HPRegen 0.11/turn               (no ring)
MPRegen 0.08/turn               (no ring)

@: very slow
A: AC +1, large, see invisible, deformed body, poison resistance, slowness 2,
spit poison 1, naga tail 1
a: Spit Poison


You were in the Dungeon.
You visited 1 branch

Inventory:

Hand Weapons
 a - a +0 long sword (weapon)
Armour
 b - a +0 scale mail (worn)
 c - a +0 buckler (worn)
Scrolls
 j - a scroll of blinking
Potions
 d - a potion of might
 e - a potion of curing
 g - a potion of haste
 h - 2 potions of magic
 i - a potion of berserk rage


   Skills:
 - Level 3.0 Fighting
 + Level 5.6 Long Blades
 - Level 2.4 Armour
 - Level 3.6 Shields


You had 2 spell levels left.
You didn't know any spells.
Your spell library was empty.

Dungeon Overview and Level Annotations

Branches:
Dungeon (1/1)

Altars:


Innate Abilities, Weirdness & Mutations

Your serpentine skin is tough. (AC +1)
You have supernaturally acute eyesight. (SInv)
Armour fits poorly on your strangely shaped body.
Your system is resistant to poisons. (rPois)
You cover ground very slowly.
You can spit poison.
You have a snake-like lower body.


Message History

The iguana bites you!
You slash the iguana!
You kill the iguana!
Your Long Blades skill gained 3 levels and is now at level 5!
You have reached level 3!
Your experience leads to an increase in your attributes!
Increase (S)trength, (I)ntelligence, or (D)exterity?
You feel stronger. x2; Your skin feels tougher.
Unknown command.
Aiming: Spit Poison (2% risk of failure)
Press: ? - help, Shift-Dir - straight line, f - sky beast
Aim: a sky beast (slightly transparent)
The splash of poison misses the sky beast.
The splash of poison hits the white imp.
The white imp is lightly wounded.
You block the sky beast's attack.
You slash the sky beast!
The sky beast is moderately wounded.
The sky beast hits you.
* * * LOW HITPOINT WARNING * * *
The sky beast shocks you.
* * * LOW HITPOINT WARNING * * *
The sky beast completely misses you.
You feel much better. The sky beast hits you. The sky beast shocks you.
Unknown command.
You closely miss the sky beast.
The sky beast is moderately wounded.
You have got your breath back.
The sky beast hits you. The sky beast shocks you.
* * * LOW HITPOINT WARNING * * *
You hit the sky beast.
The sky beast is moderately wounded.
The sky beast barely misses you.
Unknown command.
You hit the sky beast.
The sky beast is heavily wounded.
The sky beast hits you.
* * * LOW HITPOINT WARNING * * *
The sky beast shocks you.
You die...

▓.▓
▓.▓
▓.▓
▓)▓
▓.▓
▓.▓
▓.▓
▓.▓
▓@▓
▓Y▓
▓5▓
▓Z▓
▓Z▓
▓.▓
▓.▓
▓+▓


You could see a sky beast, a white imp, a bat zombie and a ball python skeleton.

Vanquished Creatures
  An iguana (D)
  A giant cockroach (D)
  A goblin (D)
  A kobold (D)
  2 quokkas (D)
6 creatures vanquished.

Notes
Turn   | Place    | Note
-------+----------+-------------------------------------------
     0 | D        | rocky1 the Naga Fighter began the quest for the Orb.
     0 | D        | Reached XP level 1. HP: 21/21 MP: 1/1
    19 | D        | Reached XP level 2. HP: 19/28 MP: 2/2
   113 | D        | Noticed a sky beast
   124 | D        | Reached skill level 5 in Long Blades
   124 | D        | Reached XP level 3. HP: 11/34 MP: 3/3
   125 | D        | HP: 1/34 [sky beast (6)]
   129 | D        | Slain by a sky beast

Illustrated notes

Levels and vault maps discovered:
D:        linesprint [early_d, line_temple, items_1, d_10, items_2, lair_1,
          lair_end, items_3, orc_1, orc_end, items_4, d_15, swamp_1, shoals_1,
          snake_1, spider_1, d_20, vaults_1, items_5, swamp_end, shoals_end,
          snake_end, spider_end, vaults_end, d_27, items_6, zot_1, zot_end,
          crypt_end, forest_end, elf_end, slime_end, tomb_end, abyss_end,
          pan_hell_end]

Skill      XL: |  1  2 |
---------------+-------+-----
Shields        | 3 |  3.6
Long Blades    | 5 |  5.6
Fighting       | |  3.0
Armour         | |  2.4

Action                   || total
-------------------------++-------
Melee: Long sword        ||    29
 Abil: Spit Poison       ||     1
  Use: Potion            ||     1
Armor: Scale mail        ||     8
Dodge: Dodged            ||     8
Block: Buckler           ||     5

Table legend: (Time is in decaauts)
 A = Elapsed time spent in this place.
 B = Non-inter-level travel time spent in this place.
 C = Inter-level travel time spent in this place.
 D = Time resting spent in this place.
 E = Time spent auto-exploring this place.
 F = Levels seen in this place.
 G = Mean time per level.
                   A        B        C        D        E       F      G
               +--------+--------+--------+--------+--------+-----+--------+
         Total |    139 |    139 |      0 |     88 |      0 |   1 |  139.0 |
       Dungeon |    139 |    139 |      0 |     88 |      0 |   1 |  139.0 |
               +--------+--------+--------+--------+--------+-----+--------+

Top non-repeatable levels by time:
       D: 139 daAuts
